 Dungeon Crawl Stone Soup version 0.31-a0-965-g8a8ce12e04 (webtiles) character file.

Game seed: 7107595826144374839

72 strifetoe the Grasshopper (level 4, -1/39 HPs)
             Began as an Armataur Warper on Oct 27, 2023.
             Slain by a gnoll
             ... wielding a +0 club
              (4 damage)
             ... on level 3 of the Dungeon.
             The game lasted 00:04:05 (1754 turns).

strifetoe the Grasshopper (Armataur Warper)         Turns: 1754, Time: 00:04:06

Health: -1/39      AC:  4    Str: 16    XL:     4   Next: 6%
Magic:  6/6        EV:  9    Int: 15    God:
Gold:   76         SH:  0    Dex: 10    Spells: 4/6 levels left

rFire   . . .        g - +2 dagger (venom)
rCold   . . .        (no shield)
rNeg    . . .        b - +0 leather armour
rPois   .            (no helmet)
rElec   .            (no cloak)
rCorr   .            (no gloves)
SInv    .            (no barding)
Will    .....        (no amulet)
Stlth   +            (no ring)
HPRegen 0.26/turn    (no ring)
MPRegen 0.10/turn

%: roll
@: no status effects
A: large, rugged brown scales 3, deformed body, armoured tail, roll, long
tongue, awkward tongue
a: no special abilities


You were on level 3 of the Dungeon.
You visited 1 branch of the dungeon, and saw 3 of its levels.

You collected 76 gold pieces.

Inventory:

Hand Weapons
 a - a +0 mace
 g - a +2 dagger of venom (weapon)
Missiles
 d - 7 darts of dispersal (quivered)
Armour
 b - a +0 leather armour (worn)
 e - a +0 leather armour
Scrolls
 c - a scroll of blinking
 f - a scroll of identify


   Skills:
 + Level 2.5 Fighting
 - Level 3.0 Maces & Flails
 - Level 0.8 Throwing
 - Level 1.2 Armour
 - Level 1.3 Dodging
 - Level 1.7 Spellcasting
 + Level 3.5 Translocations


You had 4 spell levels left.
You knew the following spells:

 Your Spells              Type           Power      Damage    Failure   Level
a - Blink                 Tloc           24%        N/A       10%         2

Your spell library contained the following spells:

 Spells                   Type           Power      Damage    Failure   Level
 Lesser Beckoning         Tloc           24%        N/A       10%         2
 Teleport Other           Tloc           12%        N/A       19%         3
 Kiss of Death            Conj/Necr      4%         2d5       28%         1
 Manifold Assault         Tloc           12%        N/A       54%         4
 Confusing Touch          Hex            1%         N/A       63%         3
 Vhi's Electric Charge    Tloc/Air       12%        N/A       80%         4
 Dispel Undead            Necr           1%         3d6       95%         4


Dungeon Overview and Level Annotations

Branches:
Dungeon (3/15)

Altars:


Innate Abilities, Weirdness & Mutations

You are completely covered in rugged brown scales. (AC +3, +7% HP)
Armour fits poorly on your strangely shaped body.
You have a long armoured tail.
You roll when moving toward enemies. (Rampage)
Your long tongue fully drains potion bottles. (2x potion effects)
Your tongue gives you trouble enunciating. (1.5x scroll delay)


Message History

There's nothing to open nearby. 2 gnolls come into view.
A gnoll is wielding a +0 spear.
Found a scroll of identify.
The gnoll shouts! x2
You roll towards the gnoll!
The quokka attacks as it pursues you! The quokka bites you.
The quokka attacks as it pursues you! The quokka closely misses you.
The quokka bites you but does no damage.
You closely miss the quokka. The quokka closely misses you.
You miss the quokka. The quokka bites you.
You closely miss the quokka. The quokka bites you.
The quokka bites you but does no damage.
You barely miss the quokka. The quokka closely misses you.
You closely miss the quokka. The quokka bites you.
You barely miss the quokka. The quokka bites you.
You closely miss the quokka. The quokka barely misses you.
You hit the quokka.
The quokka is moderately wounded.
The quokka bites you.
The quokka bites you but does no damage.
You hit the quokka.
You kill the quokka!
You hit the gnoll.
The gnoll is poisoned.
You tail-slap the gnoll, but do no damage.
The gnoll is moderately wounded.
The gnoll hits you with a +0 club.
You hit the gnoll.
The gnoll looks as sick as possible!
The gnoll is heavily wounded.
The gnoll hits you with a +0 club. The gnoll barely misses you.
You barely miss the gnoll.
The gnoll is severely wounded.
The gnoll hits you with a +0 club.
The gnoll hits you from afar with a +0 spear.
* * * LOW HITPOINT WARNING * * *
You barely miss the gnoll.
The gnoll is almost dead.
The gnoll hits you from afar with a +0 spear!
* * * LOW HITPOINT WARNING * * *
The gnoll hits you with a +0 club.
You die...

#######.....# ######....
+.....+ #.......#
#...?.#####
#.......++##.........
#..........#.......##
#..........#........##.
#...###....+...........
#>#.###....####......#
#.#.#.......@ggg....##
#...#.#########.#......
#####.###.#.........##.###.
......# #.#.######### .#
#####.# #.#.# #
###.###.#.### ............#
###.###+#'#.# ....).....#


You could see 3 gnolls.

Vanquished Creatures
  4 adders (D:2)
  A worm (D:2)
  2 dart slugs (D:1)
  2 ball pythons (D:1)
  3 bats (D:1)
  4 endoplasms (D:1)
  2 giant cockroaches (D:1)
  2 goblins
  3 hobgoblins
  2 kobolds (D:2)
  A quokka (D:3)
  2 rats (D:1)
28 creatures vanquished.

Notes
Turn   | Place    | Note
-------+----------+-------------------------------------------
     0 | D:1      | strifetoe the Armataur Warper began the quest for the Orb.
     0 | D:1      | Reached XP level 1. HP: 18/18 MP: 3/3
    64 | D:1      | Reached XP level 2. HP: 8/25 MP: 4/4
   368 | D:1      | Learned a level 2 spell: Blink
   669 | D:2      | Reached XP level 3. HP: 27/31 MP: 5/5
  1440 | D:2      | Reached XP level 4. HP: 38/39 MP: 6/6
  1754 | D:3      | Slain by a gnoll

Illustrated notes

Levels and vault maps discovered:
D:1:      psy_arrival_fountain, layout_rooms
D:2:      layout_basic, kennysheep_donut
D:3:      layout_basic, shapermc_ecumenical_altar_starsandcircs,
          uniq_crazy_yiuf_cottage, uniq_jessica, uniq_natasha, uniq_grinder

Skill      XL: |  1  2 |
---------------+-------+-----
Maces & Flails | 2 3 |  3.0
Fighting       | 2 |  2.5
Throwing       | |  0.8
Armour         | |  1.2
Dodging        | |  1.3
Spellcasting   | |  1.7
Translocations | |  3.5

Action                     |  1- 3 |  4- 6 || total
---------------------------+-------+-------++-------
  Melee: Mace              |    95 |       ||    95
         Tailslap          |    10 |     1 ||    11
         Punch             |     2 |       ||     2
         Dagger            |    15 |    13 ||    28
   Cast: Blink             |     2 |       ||     2
    Use: Scroll            |     2 |       ||     2
         Potion            |     2 |       ||     2
 Armour: Leather armour    |   101 |    15 ||   116
  Dodge: Dodged            |    60 |     5 ||    65

Table legend: (Time is in decaauts)
 A = Elapsed time spent in this place.
 B = Non-inter-level travel time spent in this place.
 C = Inter-level travel time spent in this place.
 D = Time resting spent in this place.
 E = Time spent auto-exploring this place.
 F = Levels seen in this place.
 G = Mean time per level.
                   A        B        C        D        E       F      G
               +--------+--------+--------+--------+--------+-----+--------+
         Total |   1778 |   1708 |     70 |    388 |   1050 |   3 |  592.7 |
       Dungeon |   1778 |   1708 |     70 |    388 |   1050 |   3 |  592.7 |
               +--------+--------+--------+--------+--------+-----+--------+

Top non-repeatable levels by time:
     D:2: 1035 daAuts
     D:1: 657 daAuts
     D:3: 84 daAuts
